[Event "Early-Titled-Tuesday-Blitz-March-26-2024"]
[Site "Chess.com"]
[Date "2024.03.26"]
[Round "8"]
[White "Herzog2012"]
[Black "teresin05"]
[Result "1-0"]
[WhiteElo "2523"]
[BlackElo "2280"]
[TimeControl "180+1"]
[EndTime "9:26:22 PDT"]
[Termination "Herzog2012 won by resignation"]

1. e4 c5 2. Nf3 Nc6 3. d4 cxd4 4. Nxd4 Nf6 5. Nc3 d6 6. Bg5 e6 7. Qd2 Be7 8. O-O-O a6 9. f3 O-O 10. h4 Bd7 11. h5 b5 12. h6 g6 13. Nxc6 Bxc6 14.
Qd4 b4 15. e5 Nd5 16. Bxe7 Nxe7 17. exd6 Nf5 18. Qxb4 Rb8 19. Qf4 Qb6 20. b3 Qc5 21.
Kb2 a5 22. g4 a4 23. gxf5 a3+ 24. Kb1 Qxc3 25. Qd4 Qxd4 26. Rxd4 Bxf3 27. Rh3 Bc6 28. f6 Rfd8 29. Rc3 Bd5 30. Rc7 Rxd6 31. c4 Be4+ 32.
Rxe4 Rd1+ 33. Kc2 Rxf1 34. Rd4 Rxf6 35. Kc3 Rf3+ 36. Rd3 Rxd3+ 37. Kxd3 f5 38. c5 Rd8+ 39. Kc4 e5 40. c6 e4 41. Re7 Rc8 42. Kc5 Kf8 43.
Re5 Kf7 44. b4 Kf6 45. Rd5 e3 46. Rd1 f4 47. b5 e2 48. Rb1 f3 49. b6 f2 50. b7 Re8 51. c7 e1=Q 52. c8=Q Qe3+ 53.
Kc6 Qe4+ 54. Kc7 Qe5+ 55. Kb6 Qd6+ 56. Ka7 Qd4+ 57. Ka8 Qa4+ 58. Kb8 Qf4+ 59. Ka7 Qa4+ 60. Kb6 Qd4+ 61. Ka5 Qd5+ 62. Rb5 Qd2+ 63. Ka6 Qd6+ 64. Rb6 Qxb6+ 65. Kxb6 Rxc8 66. bxc8=Q f1=Q 67. Qf8+ Kg5 68. Qxf1 Kxh6 69. Qh1+ 1-0

[Event "Early-Titled-Tuesday-Blitz-March-26-2024"]
[Site "Chess.com"]
[Date "2024.03.26"]
[Round "8"]
[White "Juicy_Fork"]
[Black "Let_it_be_1"]
[Result "1-0"]
[WhiteElo "2539"]
[BlackElo "2653"]
[TimeControl "180+1"]
[EndTime "9:26:24 PDT"]
[Termination "Juicy_Fork won on time"]

1. e4 e6 2. d4 d5 3. Nc3 Nf6 4.
e5 Nfd7 5. f4 c5 6. Nf3 Nc6 7.
Be3 Qb6 8. a3 cxd4 9. Nxd4 Bc5 10.
Na4 Qa5+ 11. c3 Bxd4 12. Bxd4 Nxd4 13. Qxd4 b6 14. Qb4 Qxb4 15. cxb4 f6 16. Bb5 fxe5 17. fxe5 O-O 18. Bxd7 Bxd7 19. Nc3 Rf5 20. O-O-O Rxe5 21. Rhe1 Rxe1 22. Rxe1 Rf8 23. Re2 Rf1+ 24. Kd2 Kf7 25. Nd1 Bb5 26. Re3 Ke7 27. Rc3 Kd6 28. h4 Rg1 29. Rg3 g6 30. Nc3 Bf1 31. h5 Rxg2+ 32. Rxg2 Bxg2 33. hxg6 hxg6 34. Nb5+ Ke5 35. Nxa7 d4 36. Nc8 b5 37. Ke2 g5 38. b3 Bd5 39.
Na7 Bxb3 40. Kf3 Bc4 41. Nc6+ Kd5 42. Ne7+ Kd6 43. Ng6 e5 44. Ke4 Bb3 45. Kd3 Bc4+ 46. Ke4 Bg8 47. Nxe5 Bh7+ 48. Kxd4 Bf5 49. Nf7+ Kc6 50.
Nxg5 Kb6 51. Nf3 Bg4 52. Ne5 Be2 53. Kd5 Bf1 54. Nd7+ Kc7 55. Nf6 Kb6 56. Kd6 Be2 57. Nd5+ Ka6 58. Kc5 Kb7 59. Nc3 Bf1 60. Nxb5 Ka6 61.
Nd6 Ka7 62. a4 Kb8 63. Kb6 Ka8 64. a5 Bg2 65. Nb5 Kb8 66. Nc7 Bf1 67. a6 1-0

[Event "Early-Titled-Tuesday-Blitz-March-26-2024"]
[Site "Chess.com"]
[Date "2024.03.26"]
[Round "8"]
[White "NastyaHn"]
[Black "biveklama"]
[Result "0-1"]
[WhiteElo "2457"]
[BlackElo "2583"]
[TimeControl "180+1"]
[EndTime "9:26:26 PDT"]
[Termination "biveklama won on time"]

1. Nc3 d5 2. e4 dxe4 3. Nxe4 Nf6 4. Nxf6+ exf6 5. d4 Bd6 6. Be3 O-O 7. Bd3 Nd7 8.
c4 c6 9. Qc2 Bb4+ 10. Kf1 g6 11. h4 Re8 12. h5 f5 13. Ne2 Nf8 14. hxg6 hxg6 15. a3 Bd6 16. Qc3 Bd7 17. d5 Be5 18. Bd4 Qf6 19. Bxe5 Qxe5 20. Qxe5 Rxe5 21. Nc3 Rae8 22.
g3 Nh7 23. Kg2 Nf6 24. Rad1 cxd5 25. f4 Re3 26. cxd5 a6 27. a4 Kg7 28. a5 Nh5 29. Rh3 Nf6 30. Rhh1 Ng4 31. Rd2 Nf6 32. Be2 Ne4 33.
Nxe4 fxe4 34. Rc1 Rd8 35. Rc7 Bb5 36. Bxb5 axb5 37. Rxb7 Rd3 38. Re2 R8xd5 39. Rxe4 Rd2+ 40. Kf3 Rxb2 41. a6 Ra2 42. a7 Ra3+ 43. Re3 Ra6 44. Re8 Rd3+ 45. Ke4 Rda3 46. Ree7 R6a4+ 47. Kd5 Kh6 48. Rxf7 Kh5 49. Kc5 b4 50. Kb6 b3 51. Rb8 b2 52.
Kc6 Ra6+ 53. Kc5 R3a5+ 54. Kc4 Rxa7 55. Rxa7 Rxa7 56. Rxb2 Ra3 57. Rb3 Rxb3 58. Kxb3 Kg4 59. Kc4 Kxg3 0-1

[Event "Early-Titled-Tuesday-Blitz-March-26-2024"]
[Site "Chess.com"]
[Date "2024.03.26"]
[Round "8"]
[White "Pelusiansky"]
[Black "Harry_Rakkel"]
[Result "1-0"]
[WhiteElo "2550"]
[BlackElo "2708"]
[TimeControl "180+1"]
[EndTime "9:26:27 PDT"]
[Termination "Pelusiansky won on time"]

1. d4 g6 2. c4 Bg7 3. Nc3 d6 4. e4 a6 5. Nge2 c6 6. Be3 b5 7. cxb5 axb5 8. a3 Nf6 9. f3 O-O 10. Ng3 Nbd7 11. Be2 h5 12. O-O h4 13. Nh1 Nb6 14.
Nf2 Bd7 15. Bg5 h3 16. Nxh3 Bxh3 17. gxh3 Qd7 18. Kg2 Nc4 19. Bxc4 bxc4 20. Qe2 Rab8 21. Rf2 Nh5 22. Qxc4 d5 23. exd5 Qf5 24. h4 cxd5 25.
Nxd5 Rfe8 26. Qc5 Kh7 27. Re1 f6 28. Bc1 Rbc8 29. Qb5 Rxc1 30. Rxc1 Nf4+ 31. Kf1 Rd8 32. Nc3 Qh3+ 33. Kg1 Qxh4 34. Qf1 Nh3+ 35. Kh1 Nxf2+ 36. Kg2 Nh3 37. Rd1 Nf4+ 38. Kh1 Rb8 39. b4 Rc8 40. Ne4 Rc2 41. Rd2 Rxd2 42. Nxd2 f5 43. Nb3 Nd5 44.
b5 Qf4 45. Qe2 Bf6 46. a4 Qc7 47. Qd1 Qc3 48. Nc5 Ne3 49. Qg1 Qxd4 50. Ne6 Qd3 51.
Nf8+ Kg7 52. Nxg6 Ng4 53. fxg4 Kxg6 54. gxf5+ Kxf5 55. Qf2+ Ke6 56. Kg2 Qe4+ 57. Qf3 Qxa4 58. Qc6+ Kf7 59. Qd5+ Kf8 60. Qd8+ Kg7 61. b6 Qa2+ 62. Kf3 Qb3+ 63. Ke2 Qb5+ 64. Kf3 Qb4 65. Ke2 Bd4 66. b7 Qb2+ 67. Kd3 1-0

[Event "Early-Titled-Tuesday-Blitz-March-26-2024"]
[Site "Chess.com"]
[Date "2024.03.26"]
[Round "8"]
[White "whiteglovethief"]
[Black "Massakru"]
[Result "1-0"]
[WhiteElo "2508"]
[BlackElo "2355"]
[TimeControl "180+1"]
[EndTime "9:26:27 PDT"]
[Termination "whiteglovethief won on time"]

1. d4 Nf6 2. c4 e6 3. Nf3 d5 4.
g3 h6 5. Bg2 Bd6 6. O-O O-O 7.
Nbd2 Nc6 8. Qc2 Nb4 9. Qb1 c6 10. a3 Na6 11. e4 dxe4 12. Nxe4 Be7 13. Rd1 Nc7 14. Ne5 Nd7 15. Be3 Nxe5 16. dxe5 Qe8 17. Nd6 Bxd6 18. exd6 Na6 19. b4 e5 20. b5 Nb8 21. Bc5 Nd7 22. bxc6 Nxc5 23. Qb5 b6 24. d7 Qe7 25. d8=Q Rxd8 26. c7 Rxd1+ 27. Rxd1 Bb7 28. Bxb7 Nxb7 29. Qc6 Rc8 30. Qxb7 Qxc7 31. Qe4 f6 32. Qf5 Qxc4 33. Rd7 Qc1+ 34. Kg2 Qc6+ 35. Kh3 Re8 36. Rxa7 Qe6 37. Qxe6+ Rxe6 38. Kg4 g6 39. Rb7 Rc6 40.
h4 h5+ 41. Kh3 Rd6 42. Kg2 Kf8 43. a4 f5 44. Kf3 Rd3+ 45. Kg2 Rd6 46. Kf3 Kg8 47. Ke3 Kf8 48. Ke2 Kg8 49. Re7 e4 50.
Rb7 Kf8 51. Ke3 Kg8 52. Kf4 Kf8 53. Ke5 Rc6 54. Kf4 Kg8 55. Kg5 Kf8 56. Kh6 Rd6 57. Kh7 Rc6 58. Rg7 Rc2 59. Rxg6 Rxf2 60. Rxb6 e3 61. Re6 e2 62. a5 Kf7 63. Re3 Rf3 64. Rxe2 Rxg3 65. Ra2 Rg7+ 66. Kh6 Kf6 67. Rb2 Rg6+ 68.
Kxh5 Rg4 69. Rb6+ Kg7 70. a6 Ra4 71. Kg5 f4 72. Rb7+ Kf8 73. a7 Ra5+ 74. Kg4 1-0

[Event "Early-Titled-Tuesday-Blitz-March-26-2024"]
[Site "Chess.com"]
[Date "2024.03.26"]
[Round "8"]
[White "ChessQueen"]
[Black "Flaccidmoves"]
[Result "1/2-1/2"]
[WhiteElo "2714"]
[BlackElo "2457"]
[TimeControl "180+1"]
[EndTime "9:26:28 PDT"]
[Termination "Game drawn - insufficient material"]

1. e4 Nf6 2. e5 Nd5 3. d4 d6 4. Nf3 dxe5 5. Nxe5 c6 6. Bc4 Bf5 7. Qf3 e6 8. g4 Bg6 9. h4 Nd7 10. Bb3 Nxe5 11. dxe5 h5 12. g5 Qc7 13. Qe2 Bc5 14. Bd2 O-O 15. Nc3 Bd4 16. Bxd5 exd5 17. f4 Bxc2 18. Rc1 Bxc3 19. Bxc3 Be4 20. O-O Qd7 21.
Kh2 g6 22. Bd4 Rfe8 23. b4 a5 24. b5 cxb5 25. Rc5 b4 26. Rfc1 Qa4 27. Qb2 Qd7 28.
e6 Rxe6 29. Bh8 d4 30. Bxd4 Bc6 31. Bh8 Re2+ 32. Qxe2 Kxh8 33. Rd1 Qe6 34. Qxe6 fxe6 35. Rc4 Bd5 36. Rc7 Rf8 37. Kg3 a4 38. Rd4 b3 39.
axb3 axb3 40. Rb4 Kg8 41. Kf2 Rf7 42. Rxf7 Kxf7 43. Ke3 Ke7 44. Kd2 Kd6 45. Kc3 Kc5 46. Ra4 b5 47. Ra7 b4+ 48. Kb2 Kd4 49. Rg7 Be4 50.
Rd7+ Ke3 51. Rd6 Bf5 52. Rb6 Kxf4 53. Rxb4+ Kg3 54. Kxb3 e5 55. Kc3 e4 56. Kd4 Kxh4 57.
Ke3 Kxg5 58. Rb1 h4 59. Rg1+ Kh5 60. Kf4 h3 61. Kg3 g5 62. Rf1 Kg6 63. Ra1 g4 64.
Ra6+ Kg5 65. Ra5 e3 66. Re5 h2 67. Kxh2 Kf4 68. Re8 Be4 69. Kg1 g3 70. Rf8+ Ke5 71. Re8+ Kd4 72. Rd8+ Kc3 73. Rc8+ Kd2 74. Rd8+ Bd3 75. Re8 e2 76. Kg2 e1=Q 77. Rxe1 Kxe1 78. Kxg3 1/2-1/2

[Event "Early-Titled-Tuesday-Blitz-March-26-2024"]
[Site "Chess.com"]
[Date "2024.03.26"]
[Round "8"]
[White "iAspet"]
[Black "Boundless_Strike"]
[Result "0-1"]
[WhiteElo "2468"]
[BlackElo "2619"]
[TimeControl "180+1"]
[EndTime "9:26:31 PDT"]
[Termination "Boundless_Strike won by resignation"]

1. d4 e5 2. dxe5 d6 3. Nf3 Bg4 4. Nc3 Nc6 5. exd6 Bxd6 6. e4 Qe7 7. Bd3 O-O-O 8. h3 Bh5 9. g4 Bg6 10. Qe2 h6 11. Bd2 Nf6 12. O-O-O Rhe8 13. Rhe1 Kb8 14. Kb1 Bb4 15. e5 Bxd3 16. cxd3 Nd5 17. Nxd5 Rxd5 18. Bxb4 Nxb4 19. d4 Red8 20. Qc4 Nc6 21. a3 Qd7 22.
Re4 a6 23. Ka2 Qe6 24. Rc1 R8d7 25. Ka1 Na5 26. Qc3 Nc6 27. Kb1 Qg6 28. Qc2 Nxd4 29.
Nxd4 Rxd4 30. Rxd4 Qxc2+ 31. Kxc2 Rxd4 32. Re1 Rf4 33. Re3 Rxf2+ 34. Kc3 Kc8 35. b4 Kd7 36. Kd4 Ke6 37. Ke4 Rd2 38. Rc3 c6 39. Re3 Rd5 40.
Kf4 Rd4+ 41. Kf3 Kd5 42. Kf2 Re4 43. Rf3 Ke6 44. Rd3 Rxe5 45. Kf3 Rd5 46. Re3+ Kd7 47. Kg3 a5 48. bxa5 Rxa5 49. h4 Rd5 50. Kf4 b5 51. g5 hxg5+ 52. hxg5 g6 53. Kg4 Rd4+ 54. Kg3 c5 55. Rf3 Ke6 56. Rb3 b4 57. axb4 cxb4 58.
Rf3 Rd7 59. Rf6+ Kd5 60. Rb6 Kc4 61. Kf4 b3 62. Ke5 Kc3 63. Rc6+ Kb2 64. Rb6 Kc2 65.
Rc6+ Kb1 66. Rb6 b2 67. Rb8 Ra7 68. Rb3 Ka2 69. Rg3 b1=Q 70. Rg2+ Qb2+ 71. Rxb2+ Kxb2 0-1

[Event "Early-Titled-Tuesday-Blitz-March-26-2024"]
[Site "Chess.com"]
[Date "2024.03.26"]
[Round "8"]
[White "Bykov_Egor"]
[Black "Tugrik1969"]
[Result "1-0"]
[WhiteElo "2658"]
[BlackElo "2507"]
[TimeControl "180+1"]
[EndTime "9:26:34 PDT"]
[Termination "Bykov_Egor won on time"]

1. e4 c5 2. c3 Nf6 3. e5 Nd5 4. d4 cxd4 5. Bc4 e6 6. cxd4 d6 7. Nf3 Be7 8. O-O O-O 9. Bd2 Nc6 10. Nc3 Nxc3 11. Bxc3 dxe5 12. dxe5 Qc7 13. Qe2 Rd8 14. Bd3 Bd7 15. Qe4 g6 16. Rac1 Be8 17. h4 Rd5 18.
Bb1 b5 19. h5 Qd8 20. a3 a5 21. Ba2 b4 22. hxg6 hxg6 23. Bxd5 exd5 24. Qg4 bxc3 25. Rxc3 Qd7 26. Qf4 Qf5 27. Qxf5 gxf5 28. Rfc1 Ra6 29. Rd1 Rb6 30. Rxd5 Rxb2 31. Nd2 a4 32. Rg3+ Kf8 33. Nc4 Rb1+ 34. Kh2 Rb3 35. Rdd3 Rxd3 36. Rxd3 Bc5 37. f4 Nd4 38. Ne3 Bb5 39. Rc3 Ba7 40. Rc8+ Kg7 41. Nd5 Bd7 42. Rc7 Be6 43. Rxa7 Bxd5 44. Rd7 Nc2 45.
Rxd5 Nxa3 46. Rd4 Nb5 47. Rxa4 Nc7 48. g3 Kg6 49. Rc4 Ne6 50. Rc6 Kh5 51. Kh3 Kg6 52.
Kh4 Kh6 53. Ra6 Kg6 54. Kh3 Kh5 55. Kg2 Kg6 56. Kf3 Kh5 57. Rd6 Kg6 58. g4 fxg4+ 59. Kxg4 Kg7 60. f5 Nc5 61. Kf4 Nb7 62. Rd5 Kf8 63.
f6 Kg8 64. Kf5 Kh7 65. e6 fxe6+ 66. Kxe6 Kg6 67. Ke7 1-0

[Event "Early-Titled-Tuesday-Blitz-March-26-2024"]
[Site "Chess.com"]
[Date "2024.03.26"]
[Round "8"]
[White "YoreDea"]
[Black "Elegance_Riks"]
[Result "0-1"]
[WhiteElo "2542"]
[BlackElo "2792"]
[TimeControl "180+1"]
[EndTime "9:26:46 PDT"]
[Termination "Elegance_Riks won on time"]

1. e4 e6 2. d3 d5 3. Nd2 Nf6 4. g3 c5 5. Bg2 Nc6 6. Ngf3 g6 7. O-O Bg7 8. Re1 O-O 9. c3 a5 10. Qe2 b6 11. Nf1 dxe4 12. dxe4 Ba6 13. Qe3 Ng4 14. Qf4 Nge5 15. Nxe5 Nxe5 16. Qd2 Qe7 17.
Rd1 Rfd8 18. Qc2 Bd3 19. Qb3 b5 20. a4 c4 21. Qa2 b4 22. cxb4 axb4 23. Bd2 Bc2 24.
Rdc1 Rxa4 25. Qxa4 Bxa4 26. Rxa4 Nd3 27. Rxc4 Nxb2 28.
Bxb4 Qe8 29. Ba5 Rb8 30. Rab4 Nxc4 31. Rxc4 Qb5 32. Rb4 Qe8 33. Rxb8 Qxb8 34. Bd2 Bd4 35. Be3 e5 36. h4 Qb2 37. Bf3 f6 38. h5 Kf7 39. hxg6+ hxg6 40. Kg2 Ke6 41. g4 f5 42. gxf5+ gxf5 43. exf5+ Kxf5 44. Ng3+ Ke6 45. Bg4+ Kf6 46. Nf5 Qb7+ 47. Bf3 Qd7 48. Ng3 Bxe3 49. Ne4+ Kg7 50. fxe3 Qd3 51. Kf2 Qc2+ 52. Ke1 Kf8 53. Nd2 Qd3 54. Nf1 Ke7 55. Be2 Qe4 56. Kf2 Qf5+ 57. Ke1 Kd6 58. Kd2 Qb1 59. Bd3 Qb4+ 60. Ke2 Qg4+ 61.
Kd2 Kc5 62. Be2 Qb4+ 63. Kd1 Qb1+ 64. Kd2 Qa2+ 65. Ke1 Kb4 66. Kf2 Kc3 67. Ng3 Qf7+ 68.
Ke1 Qh7 69. Kf2 Qh2+ 70. Kf3 Qh8 71. Ne4+ Kc2 72. Ng3 Qf6+ 73. Kg2 Qg7 74. e4 Kd2 75. Kf3 Qg5 76. Kg2 Ke3 77. Bh5 Kf4 0-1

[Event "Early-Titled-Tuesday-Blitz-March-26-2024"]
[Site "Chess.com"]
[Date "2024.03.26"]
[Round "8"]
[White "Misterfox120"]
[Black "Masterisback04"]
[Result "1-0"]
[WhiteElo "2473"]
[BlackElo "2017"]
[TimeControl "180+1"]
[EndTime "9:26:51 PDT"]
[Termination "Misterfox120 won on time"]

1. d4 Nf6 2. Nc3 g6 3. e4 d5 4. e5 Ne4 5. Nxe4 dxe4 6. Be3 Bg7 7. Ne2 O-O 8. Nc3 f5 9. exf6 exf6 10. Nxe4 f5 11.
Bc4+ Kh8 12. Ng5 f4 13. Bd2 Qxg5 14. Qf3 Nc6 15. c3 Bg4 16. Qd3 Rae8+ 17. Kf1 Be2+ 18. Qxe2 Rxe2 19. Bxe2 Qf5 20. Rc1 Ne7 21. h4 Nd5 22. Rh3 c6 23. Bd3 Qg4 24. Be2 Qf5 25. Bd3 Qf7 26. Rf3 h6 27. Re1 b5 28. a3 Qf6 29.
g3 g5 30. hxg5 hxg5 31. gxf4 g4 32. Rg3 Nxf4 33. Bxf4 Qxf4 34. Rg2 g3 35. Re2 Qc1+ 36. Re1 Qxb2 37. Re2 Qc1+ 38. Re1 Qxc3 39. Rxg3 Qxd4 40. Rh3+ Kg8 41. Bh7+ Kf7 42. Rf3+ Bf6 43. Ree3 Kg7 44. Bf5 Rd8 45. Rg3+ Kf8 46. Be6 Qd1+ 47. Kg2 Bg7 48. Rgf3+ Ke8 49. Bb3+ Kd7 50. Bxd1 c5 51. Rd3+ Bd4 52.
Rf4 Kc6 53. Bg4 Kb6 54. Bf3 Ka5 55. Rg4 Rd6 56. Rf4 b4 57. axb4+ Kxb4 58. Bg4 a5 59.
Re4 a4 60. f4 a3 61. Rd2 Kc4 62. f5 Kc3 63. Ree2 c4 64. Ra2 Kb4 65. Rec2 Bb2 66. Raxb2+ axb2 67. Rxb2+ Kc3 68. Rb8 Kd2 69. Rc8 c3 70.
Kf3 c2 71. Ke4 c1=Q 72. Rxc1 Kxc1 73. Ke5 Ra6 74. Bf3 Kd2 75. Bd5 Kc3 76. Be6 Ra7 77.
f6 Kb4 78. Kd6 1-0

[Event "Early-Titled-Tuesday-Blitz-March-26-2024"]
[Site "Chess.com"]
[Date "2024.03.26"]
[Round "8"]
[White "Donskov_AN"]
[Black "Aradhya2000"]
[Result "1/2-1/2"]
[WhiteElo "2396"]
[BlackElo "2739"]
[TimeControl "180+1"]
[EndTime "9:26:54 PDT"]
[Termination "Game drawn - insufficient material"]

1. e4 e5 2. Nf3 Nc6 3. Nc3 Nf6 4.
d4 Bb4 5. d5 Ne7 6. Bd3 d6 7.
O-O Bxc3 8. bxc3 O-O 9. c4 Ng6 10. Re1 Re8 11. Nd2 Bg4 12. f3 Bd7 13. Nf1 b6 14. Ne3 h5 15. Bf1 h4 16. Re2 a6 17.
Bd2 b5 18. cxb5 axb5 19. Be1 Nh5 20. Rd2 Nf6 21. Bf2 Qb8 22. c3 Ra3 23. Rb2 Qa8 24.
Bxb5 Bxb5 25. Rxb5 Rxa2 26. Rxa2 Qxa2 27. Qb1 Qd2 28.
Qc2 Qxc2 29. Nxc2 Rc8 30. g3 c6 31. dxc6 Rxc6 32. Rb8+ Kh7 33. Be1 hxg3 34. hxg3 Ra6 35.
Rb2 Nf8 36. Kf2 Ne6 37. Ke2 Nc5 38. Bf2 Rc6 39. Bxc5 Rxc5 40. Kd3 d5 41. Ne3 dxe4+ 42. fxe4 Kg6 43. c4 Nh5 44. Rb5 Rc8 45. Rxe5 Nxg3 46. c5 f6 47. Rd5 Nh5 48. Kc4 Nf4 49. Rf5 Ne6 50. Nc2 Kf7 51. Nd4 Nxd4 52. Kxd4 Ke6 53. Rd5 Ke7 54. Kc4 g5 55. Kb5 g4 56. c6 g3 57. Rd7+ Ke6 58. Rg7 Kd6 59. Rxg3 Rxc6 60.
e5+ Kd5 61. Rd3+ Kxe5 62. Kxc6 f5 63. Kc5 f4 64. Rd8 Ke4 65. Re8+ Kd3 66. Rd8+ Ke3 67.
Rf8 f3 68. Kc4 f2 69. Kc3 Ke2 70. Re8+ Kd1 71. Rd8+ Ke2 72. Rd2+ Ke1 73. Rxf2 Kxf2 1/2-1/2

[Event "Early-Titled-Tuesday-Blitz-March-26-2024"]
[Site "Chess.com"]
[Date "2024.03.26"]
[Round "8"]
[White "ViktoriyaTarasova"]
[Black "SlavenPastar"]
[Result "1/2-1/2"]
[WhiteElo "2368"]
[BlackElo "2576"]
[TimeControl "180+1"]
[EndTime "9:26:56 PDT"]
[Termination "Game drawn - insufficient material"]

1. d4 b6 2. e4 Bb7 3. Bd3 Nf6 4. Nd2 e6 5. c3 c5 6. Ne2 Be7 7. O-O d6 8. f4 Qc7 9. e5 Nfd7 10. Ne4 d5 11.
N4g3 g6 12. Be3 h5 13. Rc1 c4 14. Bb1 b5 15. Nh1 a5 16. Nf2 Nc6 17. g3 b4 18. h3 a4 19. Kg2 a3 20. bxa3 Rxa3 21. g4 hxg4 22. hxg4 Qa5 23. Bd2 Qb6 24. Rh1 Rxh1 25. Qxh1 b3 26. axb3 cxb3 27. f5 gxf5 28. gxf5 Ncxe5 29. fxe6 fxe6 30. Qh5+ Kd8 31. dxe5 b2 32.
Rf1 Ra1 33. Nd4 Bc5 34. Bg5+ Kc7 35. Be3 Ba6 36. Rh1 Bc4 37. Qf7 Bxd4 38. Bxd4 Qc6 39. Qg6 Qa6 40. Qc2 Qa3 41. Nd3 Bxd3 42. Qxd3 Nc5 43. Bxc5 Qxc5 44. Rh7+ Kc6 45. Rh6 Qe7 46. Rh3 Qg7+ 47. Rg3 Qxe5 48. c4 Qe4+ 49. Qxe4 dxe4 50. Bxe4+ Kc5 51. Rb3 Kd4 52. Bg6 Ra2 53. Kg3 Kxc4 54. Rb8 Kc3 55. Rc8+ Kd2 56. Rd8+ Ke2 57. Rb8 Ke3 58.
Rb6 e5 59. Kg4 e4 60. Rb4 Kf2 61. Bxe4 Ke3 62. Bg6 Kd2 63. Rb8 Kc1 64. Rc8+ Kd1 65. Rd8+ Kc1 66. Rc8+ Kd1 67. Rd8+ Ke2 68. Rb8 Kd2 69.
Rb7 Ra4+ 70. Kg3 Kc3 71. Rc7+ Rc4 72. Rxc4+ Kxc4 73. Kf2 Kc3 74. Ke1 Kb3 75. Ke2 Ka2 76.
Ke3 Ka1 77. Bc2 Ka2 78. Bd3 Ka1 79. Bc2 Ka2 80. Bd3 Kb3 81. Be4 Kc3 82. Bf5 b1=Q 83. Bxb1 1/2-1/2

[Event "Early-Titled-Tuesday-Blitz-March-26-2024"]
[Site "Chess.com"]
[Date "2024.03.26"]
[Round "8"]
[White "CrushingKings"]
[Black "Witik"]
[Result "0-1"]
[WhiteElo "2572"]
[BlackElo "2744"]
[TimeControl "180+1"]
[EndTime "9:27:02 PDT"]
[Termination "Witik won by resignation"]

1. Nf3 Nf6 2. g3 g6 3. b3 Bg7 4. Bb2 O-O 5. Bg2 d5 6. c4 e6 7. O-O c5 8. cxd5 exd5 9. d4 Ne4 10. Qc1 cxd4 11. Nxd4 Qb6 12. e3 Bd7 13. Nc3 Nxc3 14. Qxc3 Nc6 15. Qd2 Nxd4 16. Bxd4 Bxd4 17. Qxd4 Qxd4 18.
exd4 Be6 19. Rac1 Rac8 20. Rfe1 Rfd8 21. Kf1 Kf8 22. h3 h6 23. Ke2 Ke7 24. Ke3 Kd6 25. g4 g5 26. f4 f6 27. f5 Bd7 28. Kd3 Rxc1 29. Rxc1 Re8 30. Bf3 b6 31. Kd2 h5 32. Rh1 h4 33. Rc1 a5 34. Rc3 Ra8 35. Rc1 a4 36. Kc3 axb3 37. Kxb3 Bb5 38. Re1 Bc4+ 39. Kb4 Rxa2 40. Re6+ Kd7 41. Rxf6 Rb2+ 42. Ka4 Ra2+ 43. Kb4 Rb2+ 44. Ka4 Rh2 45. Bd1 Rxh3 46. Kb4 Rd3 47. Ba4+ Kc7 48. Rf7+ Kd6 49. Rf6+ Kc7 50.
Rf7+ Kc8 51. Rf8+ Kb7 52. Rf7+ Ka6 53. Bc6 Rb3+ 54. Ka4 b5+ 55. Bxb5+ Rxb5 56. Rf6+ Rb6 57. Rf7 Be2 58. Rg7 Bd1+ 59. Ka3 h3 60. Rxg5 Bf3 61.
Rh5 Bxg4 62. Rh4 Bxf5 63. Rh5 Bg4 64. Rh8 Rc6 65. Kb4 Kb6 66. Rb8+ Kc7 67. Rg8 Rc4+ 68. Kb5 Rxd4 69. Kc5 Ra4 70. Rg7+ Kd8 71. Kd6 Ke8 72. Rg8+ Kf7 73. Rh8 Kg6 74. Ke5 Kg5 75. Rg8+ Kh4 76. Kf6 Kg3 77. Rh8 Rf4+ 78. Ke5 d4 79. Ra8 h2 80.
Ra1 Rf2 81. Ke4 Bf3+ 82. Kxd4 h1=Q 0-1

[Event "Early-Titled-Tuesday-Blitz-March-26-2024"]
[Site "Chess.com"]
[Date "2024.03.26"]
[Round "8"]
[White "IshviAggarwal"]
[Black "AjedrezenMadrid"]
[Result "0-1"]
[WhiteElo "2174"]
[BlackElo "2535"]
[TimeControl "180+1"]
[EndTime "9:27:06 PDT"]
[Termination "AjedrezenMadrid won by checkmate"]

1. d4 d5 2. Bf4 Bf5 3. e3 e6 4. c4 Bd6 5. Bxd6 Qxd6 6. Qb3 Qb6 7. c5 Qxb3 8. axb3 Nc6 9. Nc3 Nge7 10. Nf3 f6 11.
Bb5 g5 12. Kd2 h5 13. h4 g4 14. Ng1 Kd7 15. Nge2 Bg6 16. f3 gxf3 17. gxf3 Rhg8 18. e4 Bf7 19. Rag1 a6 20. Bd3 Rxg1 21. Rxg1 Rg8 22.
Rxg8 Bxg8 23. Ke3 Bf7 24. Nf4 e5 25. dxe5 d4+ 26. Kd2 dxc3+ 27. bxc3 fxe5 28. Ng2 Bxb3 29. f4 a5 30. fxe5 Nxe5 31. Nf4 Nf3+ 32. Ke3 Nxh4 33. Nxh5 Nhg6 34. Nf6+ Kd8 35. c4 a4 36. Bb1 a3 37. Kd4 a2 38. Bxa2 Bxa2 39. Nd5 Nxd5 40. cxd5 c6 41. dxc6 bxc6 42. Ke3 Kd7 43. Kd4 Ke6 44. Kc3 Ke5 45. Kb4 Kxe4 46. Ka5 Kd4 47. Kb6 Kc4 48. Kxc6 Ne5+ 49. Kd6 Nf7+ 50. Ke7 Kxc5 51.
Kf6 Kd6 52. Kf5 Bb1+ 53. Kf6 Nd8 54. Kg7 Ke6 55. Kf8 Nf7 56. Ke8 Bc2 57. Kf8 Kf6 58. Kg8 Bf5 59. Kf8 Bh7 60. Ke8 Ne5 61. Kf8 Nd7+ 62.
Ke8 Ke6 63. Kd8 Bg6 64. Kc7 Be4 65. Kd8 Kd6 66. Ke8 Bg6+ 67. Kd8 Bf7 68. Kc8 Nc5 69.
Kd8 Nb7+ 70. Kc8 Kc6 71. Kb8 Be6 72. Ka7 Nc5 73. Kb8 Kb6 74. Ka8 Bc8 75. Kb8 Ba6 76. Ka8 Bb7+ 77. Kb8 Nd7# 0-1

[Event "Early-Titled-Tuesday-Blitz-March-26-2024"]
[Site "Chess.com"]
[Date "2024.03.26"]
[Round "8"]
[White "AA95"]
[Black "Resignify"]
[Result "1-0"]
[WhiteElo "2485"]
[BlackElo "2280"]
[TimeControl "180+1"]
[EndTime "9:27:08 PDT"]
[Termination "AA95 won on time"]

1. Nf3 Nf6 2. g3 g6 3. Bg2 Bg7 4.
O-O O-O 5. d4 d6 6. c4 Nbd7 7.
Nc3 e5 8. Bg5 h6 9. Be3 Re8 10. d5 a6 11. h3 Kh7 12. Qc2 Ng8 13.
g4 Rf8 14. g5 h5 15. Nh4 Ne7 16. Be4 Nc5 17. Bxc5 dxc5 18. e3 Bxh3 19. Rfe1 Nf5 20.
Nxf5 Bxf5 21. Bxf5 Qxg5+ 22. Kh2 Qxf5 23. Qxf5 gxf5 24.
Rg1 Bf6 25. e4 f4 26. Rg2 Rg8 27. Rh1 Rg6 28. Kg1 Kh6 29. Kf1 Rag8 30. Rgh2 h4 31. Ne2 Kg7 32. Ng1 Rh8 33. Nf3 Rgh6 34. Rg2+ Kf8 35. Rh3 Rg6 36. Rgh2 Rgh6 37. Rg2 Ke7 38. Rg4 Rg6 39. Nh2 Rhg8 40. f3 c6 41. Ke2 cxd5 42.
cxd5 b5 43. Rxg6 fxg6 44. Ng4 g5 45. Rh1 Rh8 46. Kf2 Kf7 47. Kg2 Bg7 48. Rc1 Rc8 49.
Kh3 c4 50. a3 Ke7 51. b4 Kd6 52. Rc3 Rc7 53. Nf2 Ra7 54. Kg4 a5 55. Nh3 axb4 56.
axb4 Bf6 57. Kf5 Be7 58. Kg4 Ra4 59. Nxg5 Bxg5 60. Kxg5 h3 61. Rc2 Rxb4 62. Kg4 h2 63. Rxh2 Rb3 64. Rh6+ Kd7 65. Rh7+ Kd6 66. Rh6+ Kd7 67.
Rh7+ Kc8 68. d6 Rd3 69. Rc7+ Kb8 70. Rc5 b4 71. Rb5+ Kc8 72. Rxb4 Rxd6 73. Rxc4+ Kd7 74.
Rc5 Rd3 75. Rxe5 Kd6 76. Rd5+ Rxd5 77. exd5 Kxd5 78. Kxf4 Ke6 79. Kg5 Ke7 80. Kf5 Kf7 81.
f4 Kg7 82. Ke6 Kg6 83. f5+ Kg7 84. Ke7 Kg8 85. f6 Kh7 86. f7 1-0

[Event "Early-Titled-Tuesday-Blitz-March-26-2024"]
[Site "Chess.com"]
[Date "2024.03.26"]
[Round "8"]
[White "TimGrutter03"]
[Black "ArchibaldCerveza29"]
[Result "1/2-1/2"]
[WhiteElo "2555"]
[BlackElo "2387"]
[TimeControl "180+1"]
[EndTime "9:27:14 PDT"]
[Termination "Game drawn - insufficient material"]

1. f3 e5 2. e4 Nc6 3. Bc4 Nf6 4. Nc3 Bc5 5. Nge2 a6 6. d3 d6 7. Bg5 h6 8. Bh4 g5 9. Bg3 Nh5 10. Qd2 Nf4 11. Bxf4 gxf4 12. Nd5 Be6 13. c3 Bxd5 14. Bxd5 Be3 15. Qc2 Rg8 16. g3 Qd7 17. Qb3 Na5 18. Qb4 b6 19. d4 Rb8 20. Qa3 c6 21. Bb3 Nxb3 22. axb3 a5 23. g4 h5 24. h3 Rh8 25.
dxe5 hxg4 26. fxg4 dxe5 27. Rd1 Qe7 28. Qxe7+ Kxe7 29. Ng1 Rbd8 30. Nf3 Rh6 31. Rxd8 Kxd8 32. Nxe5 Ke7 33.
h4 Kd6 34. Nf3 Rh8 35. e5+ Kd5 36. Ke2 Ke4 37. Ng5+ Kxe5 38. Nf3+ Ke6 39. h5 f5 40. g5 Kf7 41. g6+ Kf6 42. Rh3 Bc5 43. Nd2 Re8+ 44. Kd1 Be3 45. Nc4 Rd8+ 46. Ke2 Bc5 47. b4 Re8+ 48. Kf3 axb4 49. cxb4 Bxb4 50. Nxb6 Re3+ 51. Kg2 Re2+ 52. Kf1 Re1+ 53. Kf2 Rb1 54. Nd7+ Kg7 55. h6+ Kxg6 56. h7 Rxb2+ 57. Kf3 Rb3+ 58. Kg2 Rxh3 59. Kxh3 Bc3 60. Nf8+ Kh6 61. Kg2 Kg7 62. Ne6+ Kxh7 63. Nxf4 Be5 64. Nd3 Bd6 65. Kf3 Kg7 66. Nb2 Kf6 67. Nc4 Bc7 68. Ke3 Ke6 69. Kd4 f4 70.
Ke4 Bb8 71. Nd2 c5 72. Nc4 Bc7 73. Nd2 Kd7 74. Nc4 Kc6 75. Na3 Kb7 76. Kd5 f3 77. Nc4 f2 78. Nd2 Bf4 79. Nf1 Kb6 80. Ke4 Bc7 81.
Kf3 Kb5 82. Kxf2 Kc4 83. Ke3 Kc3 84. Ke2 Kc2 85. Ne3+ Kc3 86. Nd5+ Kd4 87. Nxc7 c4 88. Nb5+ Kc5 89. Nc3 Kd4 90. Kd2 Kc5 91. Kc2 Kd6 92. Nd1 Ke5 93. Nc3 Kf4 94. Nd1 Kf3 95. Nc3 Kg3 96. Nd1 Kf4 97. Nc3 Kg5 98. Nd1 Kg4 99. Nc3 Kf5 100. Nd1 Kf4 101. Nc3 Ke5 102. Nd1 c3 103.
Nb2 Kf4 104. Kb3 cxb2 105. Kxb2 1/2-1/2